 Dungeon Crawl Stone Soup version 0.19-a0-1697-g0595f0e (webtiles) character file.

94 GrosslyIncandescent the Insei (level 4, -3/35 HPs)
             Began as a Mummy Monk on Sept 26, 2016.
             Slain by an adder (4 damage)
             ... on level 3 of the Dungeon.
             The game lasted 00:02:32 (2860 turns).

GrosslyIncandescent the Insei (Mummy Monk)          Turns: 2860, Time: 00:02:33

Health: -3/35      AC:  1    Str: 14    XL:     4   Next: 38%
Magic:  4/4        EV: 13    Int:  9    God:
Gold:   61         SH:  0    Dex: 15    Spells: 0 memorised, 3 levels left

rFire  . . .     SeeInvis .       - Unarmed
rCold  . . .     Gourm    .     (no armour)
rNeg   + + +     Faith    .     (no shield)
rPois  ∞         Spirit   .     (no helmet)
rElec  .         Dismiss  .     (no cloak)
rCorr  .         Reflect  .     (no gloves)
MR     .....     Harm     .     (no boots)
Stlth  ++........               (no amulet)
                                f - ring of fire
                                (no ring)

@: no status effects
A: no food or potions, fire vulnerability, cold resistance 1, negative energy
resistance 3, torment resistance, unbreathing
a: no special abilities


You were on level 3 of the Dungeon.
You were not hungry.

You visited 1 branch of the dungeon, and saw 3 of its levels.

You collected 61 gold pieces.


Innate Abilities, Weirdness & Mutations

You do not eat or drink.
Your flesh is vulnerable to fire.
You are immune to poison.
Your flesh is cold resistant. (rC+)
You are immune to negative energy. (rN+++)
You are immune to unholy pain and torment.
You can survive without breathing.


   Skills:
 - Level 3.0 Fighting
 - Level 2.4 Dodging
 - Level 1.5 Stealth
 + Level 4.3 Unarmed Combat


You had 3 spell levels left.
You didn't know any spells.

Inventory:

Jewellery
 d - an uncursed amulet of the gourmand {unknown}
 f - a ring of fire (right hand)
Scrolls
 a - a scroll of magic mapping {unknown}
 b - 3 scrolls of recharging {unknown}
 c - 2 scrolls of blinking {unknown}
 e - a scroll of amnesia {unknown}
 g - a scroll of random uselessness {unknown}

Dungeon Overview and Level Annotations

Branches:
Dungeon (3/15)

Altars:

▒............
▒............
+............
▒▒▒▒▒...▒........
..!+............
▒▒▒▒.▒(...........
▒......<..▒▒▒▒▒▒▒▒
▒.▒▒.▒▒▒▒▒▒▒▒▒▒▒
▒.▒▒M▒..........
▒..▒S▒...)..▒▒▒▒
▒▒.▒.▒.........▒
▒..(..(.=.....▒
▒▒▒.▒▒.....▒▒▒▒
▒..........?.
..........▒▒▒
▒.......▒▒▒..▒
▒...▒▒▒.▒ ▒.▒


You could see an adder.


Message History

You barely miss the adder! The adder bites you!
You closely miss the adder! The adder bites you! * * * don't die
* * * You squash the adder like an ant!
The adder is moderately wounded!
The adder bites you! * * * don't die
* * * You pulverise the adder but do no damage!
The adder is moderately wounded!
The adder barely misses you! The adder bites you! * * * don't die
* * * You miss the adder!
The adder is moderately wounded!
The adder bites you! * * * don't die
* * * You pummel the adder like a punching bag!
The adder is heavily wounded!
The adder bites you! * * * don't die
* * * You pulverise the adder!
The adder is almost dead!
The adder misses you!
You miss the adder!
The adder is almost dead!
The adder bites you! * * * don't die
* * * You barely miss the adder!
The adder is almost dead!
The adder barely misses you! The adder bites you! rip

Action                   |  1- 3 |  4- 6 || total
-------------------------+-------+-------++-------
Melee: Unarmed           |   186 |    62 ||   248
       Punch             |     2 |     1 ||     3
 Stab: Sleeping          |     4 |     1 ||     5
       Distracted        |       |     1 ||     1
Armor: Skin              |    35 |     5 ||    40
Dodge: Dodged            |   131 |    32 ||   163

Vault maps used:
D:1:      saegor_arrival_simple_e, kennysheep_decorative_pillar
D:3:      minmay_bisected

Notes
Turn   | Place    | Note
-------+----------+-------------------------------------------
     0 | D:1      | GrosslyIncandescent the Mummy Monk began the quest for the Orb.
     0 | D:1      | Reached XP level 1. HP: 18/18 MP: 1/1
   295 | D:1      | Reached XP level 2. HP: 22/24 MP: 2/2
   335 | D:1      | Reached skill level 3 in Unarmed Combat
   997 | D:1      | Reached XP level 3. HP: 10/29 MP: 3/3
  1894 | D:2      | Reached skill level 4 in Unarmed Combat
  1999 | D:1      | Reached XP level 4. HP: 13/35 MP: 4/4
  2859 | D:3      | HP: 1/35 [adder (4)]
  2860 | D:3      | Slain by an adder

Vanquished Creatures
  3 adders
  2 worms (D:2)
  2 dart slugs
  2 leopard geckos
  2 giant cockroaches (D:1)
  7 goblins
  9 hobgoblins
  2 jackals (D:1)
  5 kobolds
  A ball python (D:1)
  7 bats
  7 frilled lizards
  6 rats
55 creatures vanquished.
